 Dungeon Crawl Stone Soup version 0.27-a0-1416-g941b2bd30b (webtiles) character file.

Game seed: 8685941452252862299

237 olmar the Slasher (level 6, 0/45 HPs)
             Began as a Djinni Warper on July 1, 2021.
             Slain by an orc (1 damage)
             ... on level 5 of the Dungeon.
             The game lasted 00:05:25 (4952 turns).

olmar the Slasher (Djinni Warper)                   Turns: 4952, Time: 00:05:26

Health: 0/45       AC:  3    Str: 10    XL:     6   Next: 28%
Gold:   138        EV: 12    Int: 17    God:
                   SH:  0    Dex: 12

rFire    + + .     SeeInvis .   a - +0 falchion
rCold    x . .     Faith    .   (no shield)
rNeg     + . .     Spirit   .   b - +0 leather armour
rPois    ∞         Reflect  .   (no helmet)
rElec    .         Harm     .   (no cloak)
rCorr    .         Rampage  .   (no gloves)
Will     .....                  (boots unavailable)
Stlth    +.........             (no amulet)
HPRegen  0.15/turn              j - ring of positive energy
MPRegen  0.00/turn              (no ring)

@: flying
A: sickness immunity, fire resistance 2, cold vulnerability 1, float, innate
caster, hp casting, extra vitality 1
a: no special abilities


You were on level 5 of the Dungeon.
You visited 1 branch of the dungeon, and saw 5 of its levels.

You collected 138 gold pieces.

Inventory:

Hand Weapons
 a - a +0 falchion (weapon)
Missiles
 d - 5 boomerangs of dispersal (quivered)
 o - 5 boomerangs
Armour
 b - a +0 leather armour (worn)
Jewellery
 j - a ring of positive energy (left hand)
 p - a ring of ice
 r - a +4 ring of evasion
Scrolls
 c - a scroll of blinking
 f - 9 scrolls of identify {unknown}
 g - a scroll of holy word {unknown}
 h - 2 scrolls of enchant weapon {unknown}
 i - 3 scrolls of silence {unknown}
 k - 4 scrolls of teleportation {unknown}
 q - a scroll of amnesia {unknown}


   Skills:
 + Level 2.9 Fighting
 + Level 3.4 Long Blades
 + Level 0.7 Throwing
 + Level 3.1 Armour
 + Level 3.0 Dodging
 - Level 0.2 Stealth
 + Level 2.8 Spellcasting


You couldn't memorise any spells.
You knew the following spells:

 Your Spells              Type           Power      Damage    Failure   Level
a - Blink                 Tloc           N/A        N/A       11%         2
b - Lesser Beckoning      Tloc           6%         N/A       22%         3
c - Gell's Gravitas       Tloc           6%         N/A       22%         3
d - Teleport Other        Tloc           12%        N/A       22%         3
e - Manifold Assault      Tloc           12%        N/A       90%         5
f - Beastly Appendage     Tmut           24%        N/A       8%          1
g - Poisonous Vapours     Pois/Air       24%        N/A       11%         2
Your spell library was empty.

Dungeon Overview and Level Annotations

Branches:
Dungeon (5/15)
 Temple: D:4-7

Altars:
The Shining One

Shops:
D:1 =


Innate Abilities, Weirdness & Mutations

You are immune to sickness and miasma.
You are immune to poison.
Your flesh is very heat resistant. (rF++)
You are vulnerable to cold. (rC-)
You float through the air rather than walking.
You learn spells naturally, not from books.
Your magical power is your life essence.
You have superior vitality. (+4 HP)


Message History

The poisoned dart hits you!
The kobold throws a poisoned dart.
The poisoned dart barely misses you.
As you read the scroll labelled ROMOYS SURENUW, it crumbles to dust.
The scroll dissolves into smoke.
It was a scroll of fog.
Unknown command.
You hit the kobold.
You kill the kobold!
Unknown command.
Throw: 5 boomerangs (disperse)
Press: ? - help, Q - select action, (/) - cycle Shift-Dir - straight line, p - kobold brigand
Okay, then.
The kobold throws a poisoned dart.
The poisoned dart barely misses you.
Your transformation is almost over.
Your horns disappear.
Your extra speed is starting to run out.
An orc comes into view. It is wielding a +0 short sword.
The orc shouts!
You feel yourself slow down.
You hit the orc.
The orc is lightly wounded.
The orc closely misses you.
You riposte.
You closely miss the orc.
The orc is lightly wounded.
You hit the orc but do no damage.
The orc is lightly wounded.
The orc hits you with a +0 short sword.
* * * LOW HITPOINT WARNING * * *
You closely miss the orc.
The orc is lightly wounded.
The orc hits you with a +0 short sword.
* * * LOW HITPOINT WARNING * * *
You hit the orc but do no damage.
The orc is lightly wounded.
You hear the rusting of a drain nearby.
The orc misses you.
You hit the orc but do no damage.
The orc is lightly wounded.
The orc hits you with a +0 short sword.
* * * LOW HITPOINT WARNING * * *
The orc hits you with a +0 short sword.
You die...

#.#..........#
#####
#.#.#######..#
##...###.#.# #..#
##.###.##.#.#
#####..#
#######.##
##.#.#.###......#
........#
#.........###..#
.######.#
##..............#
.# #####.#
#.....)#######..#
.# #..
....##..@##
#..##### .# #.#
.### ##o##
#...PP.# .# #.#
.# #.# ##..PPP##
.###.###.# #.#
#.......
.........# #+#
##..###.
####.#######
###.# #.........#
##...#
#.#..####.#
##..###
#.#...###.
####...######


You could see an orc.

Vanquished Creatures
  A scorpion (D:5)
  Jessica (D:3)
  An iguana (D:4)
  A hound skeleton (D:4)
  5 adders
  A white imp (D:5)
  3 dart slugs
  An orc (D:4)
  5 ball pythons
  5 endoplasms
  A giant cockroach (D:1)
  3 goblins
  6 hobgoblins
  2 jackals (D:4)
  5 kobolds
  5 quokkas
  5 bats
  A frilled lizard (D:1)
  A rat (D:1)
53 creatures vanquished.

Notes
Turn   | Place    | Note
-------+----------+-------------------------------------------
     0 | D:1      | olmar the Djinni Warper began the quest for the Orb.
     0 | D:1      | Reached XP level 1. HP: 18/18 MP: 0/0
   430 | D:1      | Reached XP level 2. HP: 17/23 MP: 0/0
   948 | D:1      | Found Jodaj's Jewellery Shoppe.
  1270 | D:1      | Reached XP level 3. HP: 26/28 MP: 0/0
  1270 | D:1      | Learned a level 1 spell: Beastly Appendage
  2253 | D:2      | Reached XP level 4. HP: 28/34 MP: 0/0
  2627 | D:3      | Noticed Jessica
  2637 | D:3      | Killed Jessica
  2791 | D:3      | Found a faded altar of an unknown god.
  2880 | D:3      | Reached XP level 5. HP: 23/39 MP: 0/0
  2880 | D:3      | Learned a level 2 spell: Poisonous Vapours
  3710 | D:4      | Found a glowing golden altar of the Shining One.
  4581 | D:5      | Entered Level 5 of the Dungeon
  4630 | D:5      | Reached XP level 6. HP: 27/45 MP: 0/0
  4950 | D:5      | HP: 2/45 [orc (4)]
  4952 | D:5      | Slain by an orc

Illustrated notes

Levels and vault maps discovered:
D:1:      lightli_arrival_chessboard, layout_basic, serial_shops,
          nicolae_shop_waterfront
D:2:      layout_loops_cross
D:3:      layout_basic, serial_bayou, serial_bayou_pond_d, serial_bayou_shore_a,
          serial_bayou_pond_c, serial_bayou_crossing,
          hellmonk_ecumenical_altar_heavens_door, uniq_jessica
D:4:      layout_cave_pools, general_overflow_altar
D:5:      layout_loops_corners, temple_hall_moat, portal_sewer_entry_d,
          sigmund_edmund_badplayer

Skill      XL: |  1  2  3  4  5 |
---------------+----------------+-----
Long Blades    | 2 3 |  3.4
Armour         | 2 3 |  3.1
Dodging        | 3 |  3.0
Fighting       | |  2.9
Throwing       | |  0.7
Stealth        | |  0.2
Spellcasting   | |  2.8

Action                   |  1- 3 |  4- 6 || total
-------------------------+-------+-------++-------
Melee: Falchion          |    98 |   100 ||   198
       Headbutt          |     1 |     1 ||     2
 Cast: Beastly Appendage |     1 |     3 ||     4
       Poisonous Vapours |       |    10 ||    10
  Use: Potion            |       |     3 ||     3
       Scroll            |       |     1 ||     1
 Stab: Sleeping          |     2 |       ||     2
Armor: Leather armour    |    25 |    24 ||    49
Dodge: Dodged            |    79 |    63 ||   142
       Rpst.: Falchion   |    22 |    17 ||    39

Table legend: (Time is in decaauts)
 A = Elapsed time spent in this place.
 B = Non-inter-level travel time spent in this place.
 C = Inter-level travel time spent in this place.
 D = Time resting spent in this place.
 E = Time spent auto-exploring this place.
 F = Levels seen in this place.
 G = Mean time per level.
                   A        B        C        D        E       F      G
               +--------+--------+--------+--------+--------+-----+--------+
         Total |   4966 |   4901 |     65 |    488 |   3798 |   5 |  993.2 |
       Dungeon |   4966 |   4901 |     65 |    488 |   3798 |   5 |  993.2 |
               +--------+--------+--------+--------+--------+-----+--------+

Top non-repeatable levels by time:
     D:1: 1677 daAuts
     D:3: 1073 daAuts
     D:2: 969 daAuts
     D:4: 890 daAuts
     D:5: 355 daAuts
